 Dungeon Crawl Stone Soup version 0.18.1-48-g4cf74bf (webtiles) character file.

135 sudo the Slasher (level 4, -4/30 HPs)
             Began as a High Elf Gladiator on June 28, 2016.
             Slain by Sigmund
             ... wielding a +0 scythe
              (8 damage)
             ... on level 3 of the Dungeon.
             The game lasted 00:02:51 (3451 turns).

sudo the Slasher (High Elf Gladiator)               Turns: 3451, Time: 00:02:52

Health: -4/30      AC:  6    Str: 15    XL:     4   Next: 97%
Magic:  5/5        EV: 13    Int: 11    God:
Gold:   75         SH:  0    Dex: 16    Spells: 0 memorised, 3 levels left

rFire  + . .     SeeInvis .     a - +0 long sword
rCold  + . .     Gourm    .     q - +0 ring mail
rNeg   . . .     Faith    .     (no shield)
rPois  +         Spirit   .     c - +0 helmet
rElec  +         Dismiss  .     (no cloak)
rCorr  +         Reflect  .     (no gloves)
SustAt .         Harm     .     (no boots)
MR     .....     Rnd*Tele +     (no amulet)
Stlth  ..........               i - ring of teleportation (curse)
                                e - ring of loudness (curse)

@: resistant, not resistant to hostile enchantments, extremely unstealthy
A: no striking features
a: no special abilities


You were on level 3 of the Dungeon.
You were hungry.

You visited 1 branch of the dungeon, and saw 3 of its levels.

You collected 75 gold pieces.

Inventory:

Hand Weapons
 a - a +0 long sword (weapon)
Missiles
 d - 3 throwing nets (quivered)
Armour
 b - a +0 leather armour
 c - a +0 helmet (worn)
 q - a +0 ring mail (worn)
Jewellery
 e - a cursed ring of loudness (left hand)
 g - an uncursed ring of sustain attributes
 i - a cursed ring of teleportation (right hand)
Scrolls
 p - a scroll of identify {unknown}
 r - a scroll of remove curse {unknown}
Potions
 h - a potion of brilliance
Comestibles
 f - 4 bread rations
 j - a slice of pizza
 l - 2 meat rations
 m - 2 fruits
 o - a royal jelly


   Skills:
 + Level 2.5 Fighting
 * Level 5.2 Long Blades
 - Level 2.0 Throwing
 + Level 1.7 Armour
 + Level 4.1 Dodging


You had 3 spell levels left.
You didn't know any spells.

Dungeon Overview and Level Annotations

Branches:
Dungeon (3/15)

Altars:
Ashenzari
Ru

Annotations:
D:3 Sigmund


Message History

You hear some strange, mumbled words.
A puff of flame appears from out of thin air!
The puff of flame hits you! You resist.
You closely miss something. You slash something!
Something hits you but does no damage.
You closely miss something.
You hear some strange, mumbled words.
Something tries to affect you, but you resist.
You closely miss something.
You hear some strange, mumbled words.
A puff of flame appears from out of thin air!
The puff of flame hits you!
You miss something.
You hear some strange, mumbled words.
A puff of flame appears from out of thin air!
The puff of flame hits you! You resist.
You miss something. Something hits you!
* * * LOW HITPOINT WARNING * * *
You closely miss something. Something hits you!
You die...

.. #.###.#...
.?.####.#.....
....K....).# .
...l....(..#
.....###.(##.#
#..###..# ..
#....Klg# .#
#.####{## # #@#
#.# # #.#
.####.##
#.....#.#######
####.###......#
##.#.#####.#
#..######.
#.........


You could see a giant gecko, a goblin and a kobold.

Vanquished Creatures
  6 adders
  2 worms (D:2)
  A dart slug (D:1)
  5 giant geckos
  2 orcs (D:3)
  2 ball pythons (D:1)
  3 giant cockroaches
  6 goblins
  8 hobgoblins
  2 jackals (D:2)
  12 kobolds
  7 bats
  A giant newt (D:2)
  9 rats
66 creatures vanquished.

Notes
Turn   | Place    | Note
--------------------------------------------------------------
     0 | D:1      | sudo the High Elf Gladiator began the quest for the Orb.
     0 | D:1      | Reached XP level 1. HP: 14/14 MP: 2/2
   504 | D:1      | Reached skill level 4 in Long Blades
   883 | D:1      | Reached XP level 2. HP: 19/19 MP: 3/3
  1347 | D:1      | Reached XP level 3. HP: 20/24 MP: 4/4
  1576 | D:2      | Reached skill level 1 in Armour
  1732 | D:2      | Found a shattered altar of Ashenzari.
  1808 | D:2      | Reached XP level 4. HP: 19/30 MP: 5/5
  2095 | D:2      | Found a shattered altar of Ashenzari.
  2651 | D:2      | Found a sacrificial altar of Ru.
  3045 | D:3      | Reached skill level 5 in Long Blades
  3423 | D:3      | Noticed Sigmund
  3451 | D:3      | Slain by Sigmund

Skill      XL: |  1  2  3  4 |
---------------+-------------+-----
Long Blades    | 4 5 |  5.2
Armour         | 1 |  1.7
Dodging        | 4 |  4.1
Fighting       | |  2.5
Throwing       | |  2.0

Action                   |  1- 3 |  4- 6 || total
-------------------------+-------+-------++-------
Melee: Long sword        |   143 |   106 ||   249
  Use: Potion            |     3 |     2 ||     5
       Scroll            |       |     1 ||     1
 Stab: Sleeping          |     5 |     2 ||     7
  Eat: Chunk             |     1 |     3 ||     4
       Bread ration      |     1 |       ||     1
Armor: Leather armour    |    55 |    12 ||    67
       Ring mail         |       |     3 ||     3
Dodge: Dodged            |   119 |    74 ||   193
